 Dungeon Crawl Stone Soup version 0.20.1-1-g8b1a95d (webtiles) character file.

52 Reeggar the Firebug (level 3, -1/20 HPs)
             Began as a Deep Elf Fire Elementalist on Oct 14, 2017.
             Slain by a gnoll
             ... wielding a +0 flail
              (3 damage)
             ... on level 3 of the Dungeon.
             The game lasted 00:09:57 (2014 turns).

Reeggar the Firebug (Deep Elf Fire Elementalist)    Turns: 2014, Time: 00:09:57

Health: -1/20      AC:  2    Str:  5    XL:     3   Next: 60%
Magic:  3/10       EV: 13    Int: 20    God:
Gold:   186        SH:  0    Dex: 15    Spells: 8/9 levels left

rFire    . . .     SeeInvis .   u - +0 rapier
rCold    . . .     Gourm    .   (no shield)
rNeg     . . .     Faith    .   a - +0 robe
rPois    .         Spirit   .   (no helmet)
rElec    .         Reflect  .   (no cloak)
rCorr    .         Harm     .   (no gloves)
MR       .....                  (no boots)
Stlth    ++........             (no amulet)
Regen    0.1/turn               (no ring)
MPRegen  0.2/turn               (no ring)

@: no status effects
A: no striking features
a: no special abilities


You were on level 3 of the Dungeon.
You were not hungry.

You visited 1 branch of the dungeon, and saw 3 of its levels.

You collected 186 gold pieces.

Inventory:

Hand Weapons
 u - a +0 rapier (weapon)
Armour
 a - a +0 robe (worn)
 t - a +0 cloak
Jewellery
 s - an uncursed ring of protection from magic {unknown}
Scrolls
 d - 2 scrolls of recharging {unknown}
 i - a scroll of amnesia {unknown}
 k - a scroll of noise {unknown}
 l - a scroll of teleportation {unknown}
 m - 2 scrolls of identify {unknown}
 n - 3 scrolls of enchant armour {unknown}
 o - a scroll of magic mapping {unknown}
 q - a scroll of remove curse {unknown}
Potions
 e - a potion of curing {unknown}
 g - a potion of lignification {unknown}
 r - a potion of heal wounds {unknown}
Books
 b - a book of Flames

   Spells                             Type                      Level
   a - Flame Tongue                   Conjuration/Fire             1
   b - Throw Flame                    Conjuration/Fire             2
   c - Conjure Flame                  Conjuration/Fire             3
   d - Inner Flame                    Hexes/Fire                   3
   e - Sticky Flame                   Conjuration/Fire             4
   f - Fireball                       Conjuration/Fire             5
Comestibles
 c - a bread ration
 h - 2 meat rations
 p - a royal jelly


   Skills:
 * Level 1.2 Fighting
 * Level 0.6 Short Blades
 + Level 2.5 Dodging
 + Level 2.5 Stealth
 * Level 3.8 Spellcasting
 + Level 1.3 Conjurations
 + Level 3.8 Fire Magic


You had 8 spell levels left.
You knew the following spells:

 Your Spells              Type           Power        Failure   Level  Hunger
a - Flame Tongue          Conj/Fire      ##...        4%          1    None


Dungeon Overview and Level Annotations

Branches:
Dungeon (3/15)

Altars:

Annotations:
D:3 Sigmund


Message History

Confirm with . or Enter, or press ? or * to list all spells.
Aiming: Flame Tongue
Press: ? - help, Shift-Dir - straight line, f/p - Sigmund
Aim: Sigmund, wielding a scythe, wearing a robe and carrying a wand of polymorph (?/24) {zapped: 1} (severely wounded)
The flame tongue hits the gnoll.
The gnoll is almost dead.
The gnoll hits you with a whip!
Ouch! That really hurt!
Casting: Flame Tongue
Confirm with . or Enter, or press ? or * to list all spells.
Aiming: Flame Tongue
Press: ? - help, Shift-Dir - straight line, f/p - Sigmund
Aim: Sigmund, wielding a scythe, wearing a robe and carrying a wand of polymorph (?/24) {zapped: 1} (severely wounded)
The flame tongue hits the gnoll.
You kill the gnoll!
The gnoll hits you with a flail.
* * * LOW HITPOINT WARNING * * *
Sigmund barely misses you. The gnoll hits you with a flail.
You die...

#######
#@....#
#gg@..#
#.....#
!(.....#
#g.......
.........
.......!.
.........


You could see Sigmund and 3 gnolls.

Vanquished Creatures
  An adder (D:2)
  A gnoll (D:3)
  A worm (D:2)
  A dart slug (D:1)
  A leopard gecko (D:2)
  A bat (D:2)
  5 goblins
  2 hobgoblins (D:1)
  6 jackals
  A frilled lizard (D:2)
  3 kobolds (D:1)
  5 rats
28 creatures vanquished.

Notes
Turn   | Place    | Note
-------+----------+-------------------------------------------
     0 | D:1      | Reeggar the Deep Elf Fire Elementalist began the quest for the Orb.
     0 | D:1      | Reached XP level 1. HP: 10/10 MP: 6/6
   579 | D:1      | Reached XP level 2. HP: 16/16 MP: 5/8
  1075 | D:2      | Reached XP level 3. HP: 20/20 MP: 5/10
  1144 | D:2      | Reached skill level 1 in Fighting
  2005 | D:3      | Noticed Sigmund
  2014 | D:3      | Slain by a gnoll

Skill      XL: |  1  2  3 |
---------------+----------+-----
Fighting       | 1 |  1.2
Short Blades   | |  0.6
Dodging        | |  2.5
Stealth        | |  2.5
Spellcasting   | |  3.8
Conjurations   | |  1.3
Fire Magic     | |  3.8

Action                   || total
-------------------------++-------
Melee: Short sword       ||     1
 Cast: Flame Tongue      ||    59
  Eat: Chunk             ||     2
       Bread ration      ||     1
Dodge: Dodged            ||    14
